 Dungeon Crawl Stone Soup version 0.23-a0-516-g0f8c245 (webtiles) character file.

60 MalarOregon the Magician (level 4, -6/32 HPs)
             Began as a Merfolk Wizard on Dec 5, 2018.
             Killed from afar by an orc wizard (10 damage)
             ... with a magic dart
             ... on level 2 of the Dungeon.
             The game lasted 00:04:46 (1538 turns).

MalarOregon the Magician (Merfolk Wizard)           Turns: 1538, Time: 00:04:47

Health: -6/32      AC:  3    Str:  7    XL:     4   Next: 6%
Magic:  0/9        EV: 13    Int: 18    God:
Gold:   63         SH:  0    Dex: 12    Spells: 4/9 levels left

rFire    . . .     SeeInvis .   l - +0 dagger
rCold    . . .     Gourm    .   (no shield)
rNeg     . . .     Faith    .   a - +1 robe
rPois    .         Spirit   .   b - +0 hat
rElec    .         Reflect  .   (no cloak)
rCorr    .         Harm     .   (no gloves)
MR       .....                  (no boots)
Stlth    ++........             (no amulet)
HPRegen  0.10/turn              (no ring)
MPRegen  0.11/turn              (no ring)

@: no status effects
A: change form in water, swift swim, stealthy swim
a: no special abilities


You were on level 2 of the Dungeon.
You were not hungry.

You visited 1 branch of the dungeon, and saw 2 of its levels.

You collected 63 gold pieces.

Inventory:

Hand Weapons
 l - a +0 dagger (weapon)
   (You took it off a goblin on level 1 of the Dungeon)
Armour
 a - a +1 robe (worn)
 b - a +0 hat (worn)
Scrolls
 f - a scroll of fear
Potions
 d - a potion of magic {unknown}
 g - a potion of heal wounds {@q2}
 h - a potion of lignification {!q}
 i - a potion of curing {unknown}
 m - a potion of might {unknown}
Comestibles
 c - 9 chunks of flesh
 e - 4 rations {!d}


   Skills:
 + Level 1.5 Fighting
 - Level 3.0 Dodging
 - Level 2.1 Stealth
 + Level 3.3 Spellcasting
 * Level 1.8 Conjurations
 + Level 1.5 Summonings
 - Level 1.0 Translocations


You had 4 spell levels left.
You knew the following spells:

 Your Spells              Type           Power        Failure   Level  Hunger
a - Magic Dart            Conj           #...         8%          1    None
b - Blink                 Tloc           N/A          16%         2    ##.....
x - Call Imp              Summ           #.......     13%         2    ##.....

Your spell library contained the following spells:

 Spells                   Type           Power        Failure   Level  Hunger
 Slow                     Hex            #.......     24%         2    ##.....
 Conjure Flame            Conj/Fire      #.......     32%         3    ###....
 Mephitic Cloud           Conj/Pois/Air  #.......     36%         3    ###....


Dungeon Overview and Level Annotations

Branches:
Dungeon (2/15)

Altars:


Message History

The orc wizard casts a spell.
The orc wizard blinks!
There is an open door here.
You see here a +0 whip.
Things that are here:
a +0 hand axe; an orc corpse The orc wizard gestures at you while chanting.
The magic dart hits you!
A beastly little devil appears in a puff of flame.
The orc wizard hits you but does no damage.
Your crimson imp closely misses the orc wizard.
You closely miss the orc wizard.
Your crimson imp disappears in a puff of smoke!
The orc wizard hits you with a +0 dagger.
You hit the orc wizard.
The orc wizard hits you but does no damage.
The orc wizard barely misses you.
You hit the orc wizard.
Your crimson imp barely misses the orc wizard.
The orc wizard casts a spell at you. The magic dart hits you!
* * * LOW HITPOINT WARNING * * *
You hit the orc wizard.
The orc wizard gestures at you while chanting.
The magic dart hits you!
* * * LOW HITPOINT WARNING * * *
Your crimson imp barely misses the orc wizard.
The orc wizard hits you but does no damage.
Your crimson imp hits the orc wizard.
The orc wizard hits you but does no damage.
Your crimson imp closely misses the orc wizard.
The orc wizard closely misses you.
You see here a frilled lizard corpse.
The orc wizard casts a spell.
The orc wizard blinks!
There is an open door here.
You see here a +0 whip.
The orc wizard barely misses your crimson imp.
Your crimson imp blinks!
You close the door, pushing everything out of the way.
You start resting.
The orc wizard is too close now for your liking.
The orc wizard hits you but does no damage.
The orc wizard gestures wildly while chanting.
The orc wizard blinks!
Your crimson imp disappears in a puff of smoke!
A beastly little devil appears in a puff of flame.
The orc wizard points at you and mumbles some strange words.
The magic dart hits you!
You die...

########## #
#.....5..###### #.#.#.
#.o.@.........
#.#<#.###.####......#
#.........# #......####
^.......#.####).........
.............'†.........
..........####).........
..........######'#......
####...........#.#####
#.##.#####..# #


You could see an orc wizard and a friendly crimson imp.

Vanquished Creatures
  2 adders (D:2)
  A dart slug (D:1)
  2 leopard geckos
  An orc (D:2)
  8 goblins
  2 hobgoblins (D:1)
  2 jackals (D:2)
  5 bats
  4 kobolds
  3 rats
30 creatures vanquished.

Vanquished Creatures (collateral kills)
  An ooze (D:1)
  An orc (D:2)
  2 jackals (D:2)
  A frilled lizard (D:2)
5 creatures vanquished.

Grand Total: 35 creatures vanquished

Notes
Turn   | Place    | Note
-------+----------+-------------------------------------------
     0 | D:1      | MalarOregon the Merfolk Wizard began the quest for the Orb.
     0 | D:1      | Reached XP level 1. HP: 13/13 MP: 4/4
   172 | D:1      | Reached skill level 1 in Conjurations
   235 | D:1      | Reached XP level 2. HP: 20/20 MP: 3/6
   297 | D:1      | Learned a level 2 spell: Call Imp
   307 | D:1      | Learned a level 2 spell: Blink
   614 | D:1      | Reached skill level 1 in Fighting
   834 | D:1      | Reached XP level 3. HP: 26/26 MP: 5/7
  1078 | D:2      | Reached skill level 1 in Translocations
  1504 | D:2      | Reached XP level 4. HP: 31/32 MP: 0/8
  1538 | D:2      | Killed from afar by an orc wizard

Vault maps used:
D:1:      roderic_dead_forest, dk_noncrumbling_2, minivault_25,
          chequers_serial_rivers_small_3
D:2:      first_ration, grunt_ministairs_4

Skill      XL: |  1  2  3 |
---------------+----------+-----
Conjurations   | 1 |  1.8
Dodging        | 3 |  3.0
Fighting       | 1 |  1.5
Translocations | 1 |  1.0
Stealth        | |  2.1
Spellcasting   | |  3.3
Summonings     | |  1.5

Action                   |  1- 3 |  4- 6 || total
-------------------------+-------+-------++-------
Melee: Unarmed           |     7 |       ||     7
       Dagger            |    26 |    12 ||    38
 Cast: Magic Dart        |    71 |       ||    71
       Call Imp          |     3 |     2 ||     5
  Use: Scroll            |     6 |       ||     6
  Eat: Chunk             |     2 |       ||     2
Armor: Robe              |     9 |     3 ||    12
Dodge: Dodged            |    31 |     7 ||    38

Table legend:
 A = Non-vault XP
 B = Vault XP
 C = Vault XP percentage of total XP
 D = Non-vault monster count
 E = Vault monster count
 F = Vault count percentage of total count
                 A         B        C        D         E       F
            +---------+---------+-------+---------+---------+-------
      Total |      73 |      14 |  16.1 |      33 |       2 |   5.7
            +---------+---------+-------+---------+---------+-------
        D:1 |      34 |       0 |   0.0 |      17 |       0 |   0.0
        D:2 |      39 |      14 |  26.4 |      16 |       2 |  11.1
            +---------+---------+-------+---------+---------+-------
